 Dungeon Crawl Stone Soup version 0.29.1-1-gd02db6906a (webtiles) character file.

Game seed: 11205516109872291047

72 NullDivider the Stinger (level 4, -3/27 HPs)
             Began as an Octopode Venom Mage on Sept 23, 2022.
             Slain by a gnoll sergeant
             ... wielding a +0 spear
              (8 damage)
             ... on level 3 of the Dungeon.
             The game lasted 00:10:36 (2936 turns).

NullDivider the Stinger (Octopode Venom Mage)       Turns: 2936, Time: 00:10:37

Health: -3/27      AC:  1    Str:  7    XL:     4   Next: 26%
Magic:  2/7        EV: 14    Int: 19    God:
Gold:   199        SH:  5    Dex: 18    Spells: 2/8 levels left

rFire   . . .      SeeInvis .   e - +1 mace (holy)
rCold   . . .      Faith    .   (no shield)
rNeg    . . .      Spirit   .   (helmet restricted)
rPois   .          Reflect  +   l - amulet of reflection
rElec   .          Harm     .   b - +6 ring of dexterity
rCorr   .          Rampage  .   (no ring)
Will    .....                   (no ring)
Stlth   ++++......              (no ring)
HPRegen 0.09/turn               (no ring)
MPRegen 0.10/turn               (no ring)
                                (no ring)
                                (no ring)

@: no status effects
A: almost no armour, amphibious, 8 rings, camouflage 1, gelatinous body 1,
(nimble swimmer 1), tentacles
a: no special abilities


You were on level 3 of the Dungeon.
You visited 1 branch of the dungeon, and saw 3 of its levels.

You collected 199 gold pieces.

Inventory:

Hand Weapons
 e - a +1 mace of holy wrath (weapon)
Jewellery
 b - a +6 ring of dexterity (left tentacle)
 l - an amulet of reflection (around mantle)
Wands
 i - a wand of flame (25)
 m - a wand of light (13)
Scrolls
 c - 4 scrolls of identify {unknown}
 d - a scroll of poison {unknown}
 h - a scroll of amnesia {unknown}
 k - a scroll of blinking {unknown}
Potions
 a - a potion of magic
 f - 3 potions of brilliance {unknown}
 g - 2 potions of lignification {unknown}
 j - a potion of cancellation {unknown}


   Skills:
 * Level 2.4 Dodging
 * Level 3.8 Stealth
 * Level 2.6 Spellcasting
 + Level 0.1 Conjurations
 - Level 1.3 Transmutations
 + Level 0.6 Air Magic
 * Level 4.2 Poison Magic


You had 2 spell levels left.
You knew the following spells:

 Your Spells              Type           Power      Damage    Failure   Level
a - Sting                 Tmut/Pois      52%        1d5       4%          1
b - Poisonous Vapours     Pois/Air       22%        N/A       9%          2
c - Mephitic Cloud        Conj/Pois/Air  8%         N/A       24%         3

Your spell library contained the following spells:

 Spells                   Type           Power      Damage    Failure   Level
 Summon Small Mammal      Summ           8%         N/A       16%         1
 Olgreb's Toxic Radiance  Pois           18%        N/A       28%         4
 Call Canine Familiar     Summ           2%         N/A       43%         3
 Gell's Gravitas          Tloc           2%         N/A       43%         3
 Summon Guardian Golem    Hex/Summ       2%         N/A       43%         3
 Teleport Other           Tloc           2%         N/A       43%         3
 Dispersal                Tloc           1%         N/A       100%        6


Dungeon Overview and Level Annotations

Branches:
Dungeon (3/15)

Altars:
Elyvilon
Fedhas


Innate Abilities, Weirdness & Mutations

You cannot wear most types of armour.
You are amphibious.
You can wear up to eight rings at the same time.
Your skin changes colour to match your surroundings (Stealth+).
Your rubbery body absorbs attacks. (AC +1, EV +1)
((You are camouflaged when in or above water. (Stealth+)))
You have tentacles for arms and can constrict up to eight enemies at once.


Message History

You now have 199 gold pieces (gained 9).
There is an open door here.
Casting: Sting (safe; 4% risk of failure)
Confirm with . or Enter, or press ? or * to list all spells.
Aiming: Poisonous Vapours (safe; 9% risk of failure)
Press: ? - help, Dir - move target, f - gnoll sergeant
Aim: a gnoll sergeant, wielding a +0 spear, wearing a +0 ring mail and wearing a +0 kite shield (wandering, hasn't noticed you)
You miscast Poisonous Vapours.
You are very lightly contaminated with residual magic.
Nothing appears to happen.
Casting: Poisonous Vapours (safe; 9% risk of failure)
Confirm with . or Enter, or press ? or * to list all spells.
Aiming: Poisonous Vapours (safe; 9% risk of failure)
Press: ? - help, Dir - move target, f/p - gnoll sergeant
Aim: a gnoll sergeant, wielding a +0 spear, wearing a +0 ring mail and wearing a +0 kite shield You miscast Poisonous Vapours.
Nothing appears to happen.
Casting: Poisonous Vapours (safe; 9% risk of failure)
Confirm with . or Enter, or press ? or * to list all spells.
Aiming: Poisonous Vapours (safe; 9% risk of failure)
Press: ? - help, Dir - move target, f/p - gnoll sergeant
Aim: a gnoll sergeant, wielding a +0 spear, wearing a +0 ring mail and wearing a +0 kite shield Poisonous vapours surround the gnoll sergeant!
The gnoll sergeant is poisoned.
The gnoll sergeant looks more healthy.
Casting: Poisonous Vapours (safe; 9% risk of failure)
Confirm with . or Enter, or press ? or * to list all spells.
Aiming: Poisonous Vapours (safe; 9% risk of failure)
Press: ? - help, Dir - move target, f/p - gnoll sergeant
Aim: a gnoll sergeant, wielding a +0 spear, wearing a +0 ring mail and wearing a +0 kite shield (moderately wounded) Poisonous vapours surround the gnoll sergeant!
The gnoll sergeant is poisoned.
Your magical contamination has completely faded away.
You see here a rat corpse.
The gnoll sergeant looks more healthy.
The gnoll sergeant hits you from afar with a +0 spear!
The gnoll sergeant hits you from afar with a +0 spear!
* * * LOW HITPOINT WARNING * * *
There is a stone staircase leading up here.
The gnoll sergeant hits you from afar with a +0 spear!
You die...

#g.## ##....##.###.###.#.
#...#####....##..###'#.....
#....##.....##...##....###.
#..g8.##...##.8..#.....#...
#......##'##......)....#...
#........................##
#.######g......'.....###.#.
#...........####.....#...#.
##########@## ##....#.....
#.# ##.....###. #.# ##...##
## #.# ##'## # #.# #.# #
#.# ######.###### #.#
#............ #.#
#<###....#### #.#
#.##.....#


You could see a gnoll sergeant and a gnoll (wandering).

Vanquished Creatures
  A gnoll (D:3)
  2 adders (D:2)
  An endoplasm (D:2)
  A giant cockroach (D:2)
  5 goblins
  5 hobgoblins
  6 kobolds
  A quokka (D:2)
  5 ball pythons
  5 bats
  3 frilled lizards (D:1)
  12 rats
47 creatures vanquished.

Notes
Turn   | Place    | Note
-------+----------+-------------------------------------------
     0 | D:1      | NullDivider the Octopode Venom Mage began the quest for the
                  | Orb.
     0 | D:1      | Reached XP level 1. HP: 11/11 MP: 3/3
   206 | D:1      | Reached XP level 2. HP: 17/17 MP: 3/5
   209 | D:1      | Learned a level 2 spell: Poisonous Vapours
   241 | D:1      | Found a faded altar of an unknown god.
   966 | D:2      | Reached skill level 4 in Poison Magic
   966 | D:2      | Reached XP level 3. HP: 21/21 MP: 0/6
  1021 | D:2      | Learned a level 3 spell: Mephitic Cloud
  1976 | D:3      | Found a blossoming altar of Fedhas.
  2174 | D:3      | Reached XP level 4. HP: 27/27 MP: 5/7
  2204 | D:3      | Noticed a gnoll sergeant
  2849 | D:3      | Found a faded altar of an unknown god.
  2852 | D:3      | Found a white marble altar of Elyvilon.
  2936 | D:3      | Slain by a gnoll sergeant

Illustrated notes

Levels and vault maps discovered:
D:1:      psy_arrival_whirlpool, layout_basic, ebering_ecumenical_altar_mist
D:2:      layout_loops_ring
D:3:      layout_loops_corners, mainiacjoe_overflow_brackets,
          nicolae_overflow_ecumenical_swirl, dreamdust_princess_bridge,
          hangedman_decor_points, grunt_ministairs_14, minmay_misc_feat_encased,
          uniq_terence

Skill      XL: |  1  2 |
---------------+-------+-----
Stealth        | 3 |  3.8
Poison Magic   | 4 |  4.2
Dodging        | |  2.4
Spellcasting   | |  2.6
Conjurations   | |  0.1
Transmutations | |  1.3
Air Magic      | |  0.6

Action                   |  1- 3 |  4- 6 || total
-------------------------+-------+-------++-------
Melee: Unarmed           |     3 |       ||     3
       Mace              |    16 |     1 ||    17
       Constrict         |     6 |       ||     6
       Tentacles         |     2 |       ||     2
 Cast: Sting             |    52 |     7 ||    59
       Poisonous Vapours |       |     5 ||     5
Armor: Skin              |     1 |       ||     1
Dodge: Dodged            |    26 |       ||    26
